 Dungeon Crawl Stone Soup version 0.30-a0-632-g346586fe48 (webtiles) character file.

Game seed: 4996319652858771133

26475 KennySheep the Slicer (level 12, -4/151 HPs)
             Began as a Demigod Warper on Jan 13, 2023.
             Succumbed to a minotaur's poison
             ... in a Gauntlet.
             The game lasted 01:01:36 (16475 turns).

KennySheep the Slicer (Demigod Warper)             Turns: 16475, Time: 01:01:36

Health: -4/151     AC: 13    Str: 20    XL:     12   Next: 61%
Magic:  18/18      EV: 20    Int: 21    God:
Gold:   404        SH:  0    Dex: 35    Spells: 8/14 levels left

rFire   . . .      SeeInvis .    a - +1 dagger (pain)
rCold   + . .      Faith    .    (no shield)
rNeg    . . .      Spirit   .    n - +3 leather armour of Dewim {Will+ Int+6}
rPois   .          Reflect  .    p - +1 helmet of Honour {rCorr Str+4 Int-4}
rElec   .          Harm     .    s - +1 cloak {rCorr}
rCorr   +          Rampage  .    f - +1 pair of gloves
Will    ++...      NoTele   +    v - +0 pair of boots Stlth
                                 l - amulet of Ivimn {Acrobat Str+2}
HPRegen 0.45/turn                o - +6 ring of dexterity
MPRegen 0.16/turn                S - ring of Amets {Fly rC+ Str+2 Int+4 Stlth+}

@: berserking, lethally poisoned (-4 -> -71), flying, very quick
A: high MP 1, forlorn, divine attributes
a: no special abilities


You were in a Gauntlet.
You visited 3 branches of the dungeon, and saw 16 of its levels.
You also visited: Gauntlet.

You collected 697 gold pieces.
You spent 293 gold pieces at shops.

Inventory:

Hand Weapons
 a - a +1 dagger of pain (weapon)
 b - the +6 shortbow "Qipted" {heavy, Int+5 Stlth+}
   (You found it on level 8 of the Dungeon)

   Int:       It affects your intelligence (+5).
   Stlth:     It makes you more stealthy.
 L - the +8 whip "Snakebite" {venom, curare, rPois}
   (You found it on level 1 of the Lair of Beasts)

   rPois:     It protects you from poison.
Missiles
 d - 6 boomerangs of dispersal (quivered)
 e - a throwing net
 q - a curare-tipped dart
Armour
 f - a +1 pair of gloves (worn)
 n - the +3 leather armour of Dewim (worn) {Will+ Int+6}
   (You bought it in a shop on level 9 of the Dungeon)

   Int:       It affects your intelligence (+6).
   Will:      It increases your willpower.
 p - the +1 helmet of Honour (worn) {rCorr Str+4 Int-4}
   (You found it on level 2 of the Dungeon)

   Str:       It affects your strength (+4).
   Int:       It affects your intelligence (-4).
   rCorr:     It protects you from acid and corrosion.
 s - a +1 cloak of preservation (worn)
 v - a +0 pair of boots (worn)
Jewellery
 j - an amulet of reflection
 k - a ring of see invisible
 l - the amulet of Ivimn (around neck) {Acrobat Str+2}
   (You found it in a Gauntlet)

   [amulet of the acrobat]

   It increases your evasion while moving and waiting.
   Str:       It affects your strength (+2).
 o - a +6 ring of dexterity (left hand)
 N - a +4 ring of protection
 S - the ring of Amets (right hand) {Fly rC+ Str+2 Int+4 Stlth+}
   (You acquired it on level 2 of the Lair of Beasts)

   [ring of flight]

   Str:       It affects your strength (+2).
   Int:       It affects your intelligence (+4).
   rC:        It protects you from cold.
   Fly:       It grants you flight.
   Stlth:     It makes you more stealthy.
 T - a ring of positive energy
Wands
 h - a wand of quicksilver (17)
 y - a wand of iceblast (10)
 z - a wand of flame (40)
 C - a wand of charming (17)
 Q - a wand of mindburst (7)
Scrolls
 c - 6 scrolls of blinking
 g - 3 scrolls of fog
 i - 2 scrolls of poison
 t - 3 scrolls of magic mapping
 u - a scroll of vulnerability
 A - 3 scrolls of immolation
 D - a scroll of amnesia
 O - a scroll of summoning
 R - a scroll of enchant armour
Potions
 E - a potion of brilliance
 F - a potion of resistance
 G - a potion of ambrosia
 J - 2 potions of lignification
 K - 2 potions of mutation
 M - a potion of flight


   Skills:
 + Level 7.7 Fighting
 - Level 10.0 Short Blades
 * Level 9.1 Ranged Weapons
 - Level 0.8 Throwing
 + Level 1.8 Armour
 - Level 6.8 Dodging
 + Level 6.6 Stealth
 - Level 1.7 Spellcasting
 * Level 9.8 Necromancy
 - Level 3.9 Translocations


You had 8 spell levels left.
You knew the following spells:

 Your Spells              Type           Power      Damage    Failure   Level
a - Blink                 Tloc           36%        N/A       5%          2
b - Necrotise             Necr           100%       1d9       1%          1
c - Kiss of Death         Conj/Necr      88%        2d12      2%          1
d - Cigotuvi's Dreadful   Necr/Pois/Air  30%        N/A       7%          2

Your spell library contained the following spells:

 Spells                   Type           Power      Damage    Failure   Level
 Gell's Gravitas          Tloc           18%        N/A       11%         3
 Lesser Beckoning         Tloc           36%        N/A       11%         3
 Teleport Other           Tloc           18%        N/A       11%         3
 Vhi's Electric Charge    Tloc/Air       20%        N/A       24%         3
 Manifold Assault         Tloc           18%        N/A       34%         4
 Passage of Golubria      Tloc           18%        N/A       34%         4
 Tukima's Dance           Hex            1%         N/A       45%         3
 Yara's Violent Unravell  Hex/Tmut       0%         3d3       99%         5
 Dispersal                Tloc           9%         N/A       99%         6
 Borgnjor's Revivificati  Necr           21%        N/A       100%        8
 Infestation              Necr           21%        N/A       100%        8
 Necromutation            Tmut/Necr      11%        N/A       100%        8
 Death's Door             Necr           21%        N/A       100%        9


Dungeon Overview and Level Annotations

Branches:
Dungeon (11/15)              Lair (3/5) D:10         Shoals (0/4) Lair:3
  Snake (0/4) Lair:2          Orc (2/2) D:9         Gauntlet (1/1)
 Temple: D:4-7          Elf: Orc:2

Shops:
D:3 (   D:9 **[

Annotations:
D:4 1 runed translucent door, Crazy Yiuf Gauntlet 8 transporters, 3 runed translucent doors


Innate Abilities, Weirdness & Mutations

You have an increased reservoir of magic. (+10% MP)
You shall have no god before yourself.
Your divine heritage dramatically boosts your attributes as you level up.


Message History

You hit the minotaur but do no damage.
The minotaur writhes in agony.
The minotaur is severely wounded.
The minotaur barely misses you. x2
You barely miss the minotaur.
The minotaur is severely wounded.
You feel sick.
You hit the minotaur but do no damage.
The minotaur writhes in agony.
The minotaur is severely wounded.
The minotaur hits you with a +0 short sword of venom!!
You are lethally poisoned!
The minotaur closely misses you.
You feel much better.
You feel extremely sick.
The minotaur hits you with a +0 short sword of venom!
You are lethally poisoned!
The minotaur gores you but does no damage.
A red film seems to cover your vision as you go berserk!
You feel yourself moving faster!
You feel mighty!
You feel extremely sick.
The minotaur hits you but does no damage.
You are lethally poisoned!
The minotaur barely misses you.
You closely miss the minotaur.
The minotaur furiously retaliates!
The minotaur headbutts you!
* * * LOW HITPOINT WARNING * * *
The minotaur is severely wounded.
* * * LOW HITPOINT WARNING * * *
You feel very sick.
You hit the minotaur.
The minotaur writhes in agony!
The minotaur is almost dead.
* * * LOW HITPOINT WARNING * * *
You feel very sick.
The minotaur hits you with a +0 short sword of venom!!
* * * LOW HITPOINT WARNING * * *
You are more poisoned.
The minotaur gores you.
* * * LOW HITPOINT WARNING * * *
You hit the minotaur.
The minotaur writhes in agony!
You kill the minotaur!
You die...

.#©#.P...#.♣.###.#
...#..P♣.#........
.#5#.....#.©.#.#..
542#.....#...#.#.#######
####.....#.©.# ..#8.8|8=
......∩..#...###.'......
####.....#.©.#...#
...#.....#...#.#)#####
.."#...P.#.©)#.#@....#
#..#...♣.#..........8#
#.W#.P...#.♣.###.##.##
.#W#.♣..##..........#
##W#.P.###.♣.########
...#...≈##...#
####...≈≈#####
.....♣.≈## ####...##


There were no monsters in sight!

Vanquished Creatures
  Gastronok (Lair:2)
  A minotaur (Gauntlet)
  Harold (D:10)
  2 hydras (Lair:2)
  Erica (D:8)
  A death yak (Lair:2)
  A two-headed ogre (D:9)
  Urug (D:10)
  An orc sorcerer (Orc:2)
  Maurice (D:8)
  5 elephants
  3 black mambas
  A gargoyle (Gauntlet)
  5 cane toads
  A kobold demonologist (D:6)
  An unseen horror (D:11)
  5 komodo dragons
  A polar bear (Lair:1)
  4 trolls
  2 hornets
  4 blink frogs (Lair:1)
  2 wraiths
  29 yaks
  4 basilisks
  2 wyverns
  Grum (D:9)
  A steam dragon (D:9)
  4 vampire mosquitoes (D:10)
  An acid dragon (D:10)
  3 nagas (Lair:2)
  3 orc warriors
  11 water moccasins
  An ice beast (D:6)
  A sky beast (D:6)
  9 wolves
  6 ogres
  A centaur (D:6)
  5 kobold brigands
  4 bullfrogs
  3 gnoll sergeants (D:9)
  3 scorpions
  6 wights
  6 killer bees
  5 electric eels
  3 howler monkeys
  3 jellies
  8 hounds
  2 gnoll boudas
  2 orc priests
  8 orc wizards
  2 iguanas (D:6)
  10 gnolls
  9 adders
  2 shadow imps
  3 ufetubi
  4 dart slugs
  40 orcs
  6 ball pythons
  5 endoplasms
  3 giant cockroaches
  20 goblins
  11 hobgoblins
  2 jackals (D:2)
  13 kobolds
  A quokka (D:2)
  3 bats
  6 frilled lizards
  6 rats
326 creatures vanquished.

Vanquished Creatures (others)
  2 gnolls (D:9)
  10 fungi
  35 plants
  3 withered plants (Gauntlet)
50 creatures vanquished.

Grand Total: 376 creatures vanquished

Notes
Turn   | Place    | Note
-------+----------+-------------------------------------------
     0 | D:1      | KennySheep the Demigod Warper began the quest for the Orb.
     0 | D:1      | Reached XP level 1. HP: 17/17 MP: 5/5
   136 | D:1      | Reached skill level 2 in Short Blades
   262 | D:1      | Reached XP level 2. HP: 24/24 MP: 7/7
   902 | D:2      | Reached skill level 1 in Stealth
  1046 | D:2      | Reached XP level 3. HP: 17/29 MP: 8/8
  1163 | D:2      | Identified the +1 helmet of Honour {rCorr Str+4 Int-4}
  1182 | D:2      | Learned a level 2 spell: Blink
  1710 | D:2      | Reached skill level 3 in Short Blades
  1710 | D:2      | Reached XP level 4. HP: 33/37 MP: 9/9
  2034 | D:3      | Found Xasmy's Weapon Shop.
  2190 | D:3      | Identified a scroll of acquirement
  2191 | D:3      | Acquired a +6 ring of dexterity
  2613 | D:4      | Reached XP level 5. HP: 35/42 MP: 10/10
  3151 | D:4      | Found a runed translucent door.
  3152 | D:4      | Noticed Crazy Yiuf
  3346 | D:5      | Entered Level 5 of the Dungeon
  3346 | D:5      | Noticed a wyvern
  3355 | D:4      | Killed a wyvern
  3356 | D:4      | Reached skill level 4 in Short Blades
  3356 | D:4      | Reached XP level 6. HP: 9/51 MP: 8/11
  4880 | D:5      | Reached skill level 1 in Necromancy
  5279 | D:6      | Reached XP level 7. HP: 57/57 MP: 12/12
  5388 | D:6      | Reached skill level 5 in Short Blades
  5925 | D:6      | Noticed a hornet
  5954 | D:6      | Killed a hornet
  5955 | D:6      | Reached XP level 8. HP: 23/66 MP: 8/13
  6382 | D:6      | Reached skill level 6 in Short Blades
  6630 | D:6      | Noticed a kobold demonologist
  6659 | D:6      | Killed a kobold demonologist
  7050 | D:8      | Noticed Maurice
  7067 | D:8      | Killed Maurice
  7068 | D:8      | Reached XP level 9. HP: 59/73 MP: 14/14
  7258 | D:8      | Reached skill level 5 in Stealth
  7258 | D:8      | Reached skill level 5 in Necromancy
  7331 | D:8      | Reached skill level 5 in Fighting
  7356 | D:8      | Identified the +6 shortbow "Qipted" {heavy, Int+5 Stlth+}
  7399 | D:8      | Reached skill level 7 in Short Blades
  7579 | D:8      | Noticed Erica
  7600 | D:8      | Killed Erica
  7731 | D:9      | Found Rebb's Assorted Antiques.
  7760 | D:8      | Acquired the Anthology of the Crypt
  7764 | D:8      | Learned a level 1 spell: Necrotise
  7766 | D:8      | Learned a level 1 spell: Kiss of Death
  7788 | D:9      | Noticed a two-headed ogre
  7938 | D:9      | Bought a scroll labelled RIXZULI IWEMICS for 33 gold pieces
  8058 | D:9      | Bought a red potion for 29 gold pieces
  8176 | D:9      | Killed a two-headed ogre
  8177 | D:9      | Reached skill level 8 in Short Blades
  8177 | D:9      | Reached XP level 10. HP: 19/83 MP: 13/15
  8402 | D:9      | Noticed Grum
  8439 | D:9      | Found Rucvuk's Antique Armour Shop.
  8448 | D:9      | Bought a smoking leather armour for 231 gold pieces
  8448 | D:9      | Identified the +3 leather armour of Dewim {Will+ Int+6}
                  | (You bought it in a shop on level 9 of the Dungeon)
  8646 | D:9      | Learned a level 2 spell: Cigotuvi's Dreadful Rot
  8685 | D:9      | Found Terann's Assorted Antiques.
  8722 | D:9      | Found a staircase to the Orcish Mines.
  8947 | D:9      | Reached skill level 5 in Dodging
  9763 | D:9      | Reached skill level 9 in Short Blades
  9897 | Orc:1    | Entered Level 1 of the Orcish Mines
  9911 | Orc:2    | Entered Level 2 of the Orcish Mines
  9911 | Orc:2    | Noticed an orc sorcerer
  9912 | Orc:2    | Killed an orc sorcerer
  9964 | D:9      | Killed Grum
 10025 | D:10     | Entered Level 10 of the Dungeon
 10344 | D:10     | Noticed Harold
 10370 | D:10     | Killed Harold
 10371 | D:10     | Reached skill level 10 in Short Blades
 10371 | D:10     | Reached skill level 1 in Ranged Weapons
 10435 | D:10     | Reached XP level 11. HP: 50/89 MP: 17/17
 10788 | D:10     | Found a staircase to the Lair.
 11086 | D:10     | Noticed Urug
 11204 | D:10     | Killed Urug
 11476 | D:10     | Reached skill level 5 in Ranged Weapons
 11975 | Lair:1   | Entered Level 1 of the Lair of Beasts
 13405 | Lair:1   | Found the +8 whip "Snakebite" {venom, curare, rPois}
 13682 | Lair:1   | Reached XP level 12. HP: 87/97 MP: 18/18
 14908 | Lair:2   | Noticed a six-headed hydra
 14922 | Lair:2   | Killed a six-headed hydra
 15070 | Lair:2   | Noticed a five-headed hydra
 15089 | Lair:2   | Killed a five-headed hydra
 15090 | Lair:2   | Reached skill level 1 in Armour
 15503 | Lair:2   | Acquired the ring of Amets {Fly rC+ Str+2 Int+4 Stlth+}
 15531 | Lair:2   | Found a staircase to the Snake Pit.
 15553 | Lair:2   | Noticed Gastronok
 15568 | Lair:2   | Killed Gastronok
 15947 | Lair:3   | Found a gate leading to a gauntlet.
 15956 | Gauntlet | Entered a Gauntlet
 15956 | Gauntlet | Noticed a catoblepas
 15956 | Gauntlet | Found a transporter.
 15959 | Gauntlet | Found a transporter.
 15961 | Gauntlet | Found a transporter.
 15974 | Gauntlet | Found a transporter.
 15975 | Gauntlet | Found a transporter.
 15978 | Gauntlet | Found a runed translucent door.
 15979 | Gauntlet | Found a runed translucent door.
 15982 | Gauntlet | Found a transporter.
 16003 | Gauntlet | Found a transporter.
 16004 | Gauntlet | Noticed a reaper
 16014 | Gauntlet | Found a transporter.
 16026 | Gauntlet | Found a transporter.
 16028 | Gauntlet | Noticed a catoblepas
 16045 | Gauntlet | Found a transporter.
 16060 | Gauntlet | Found a transporter.
 16060 | Gauntlet | Found a transporter.
 16120 | Gauntlet | Found a transporter.
 16134 | Gauntlet | Found a transporter.
 16137 | Gauntlet | Found a runed translucent door.
 16352 | Gauntlet | Identified the amulet of Ivimn {Acrobat Str+2}
 16395 | Gauntlet | Identified the ring "Giaddu" {Ice rCorr}
 16452 | Gauntlet | Identified the ring of Heelasae {MP+9 AC+4 Str+2}
 16452 | Gauntlet | Noticed a minotaur
 16474 | Gauntlet | HP: 7/151 [minotaur/+0 short sword of venom (26)]
 16474 | Gauntlet | HP: 2/151 [minotaur/+0 short sword of venom (5)]
 16475 | Gauntlet | Killed a minotaur
 16475 | Gauntlet | Succumbed to a minotaur's poison

Illustrated notes

Levels and vault maps discovered:
D:1:      onia_arrival_pentagram, layout_loops_ring, minivault_26,
          hangedman_decor_clover_reticule
D:2:      layout_rooms, nicolae_grassy_gnolls
D:3:      layout_loops_cross, serial_shops, nicolae_square_shop
D:4:      layout_loops_ring, minmay_goblin_outpost, uniq_crazy_yiuf_cottage
D:5:      layout_basic, st_stairs_12
D:6:      cheibrodos_fzero, layout_basic
D:7:      layout_rooms, minmay_temple_entry_overgrown
D:8:      layout_rooms, nicolae_overflow_hidden_temple, uniq_erica, uniq_maurice
D:9:      layout_cave_pools, vehumet_crystals,
          kennysheep_orc_monster_closet_entryway, serial_shops, shop,
          kennysheep_little_box, nicolae_shop_advertising_works
          [nicolae_subvault_shop_adworks], st_stairs_2,
          minmay_tree_intersection, minmay_crystal_water, uniq_grum
D:10:     layout_cave_pods, erik_lair_island, uniq_urug, uniq_harold
D:11:     layout_gridville, enter_trove_6, grunt_gozag_statues
Lair:1:   minmay_guarded_unrand_snakebite, layout_cave_pods,
          dreamdust_gnoll_shepherd
Lair:2:   layout_chaotic_city, minmay_snake_entry_guardpost_medium,
          uniq_gastronok
Lair:3:   layout_layer_cave, elwin_shoals_entry_rooms, gauntlet_entry_generic,
          nicolae_lair_lakeside_cave, uniq_prince_ribbit2
Orc:1:    layout_caves, basic_altar
Orc:2:    grunt_orc_cross, layout_caves, serial_shops,
          nicolae_shop_temple_entry_statues_fountains
Gauntlet: minmay_gauntlet_77_tree [minmay_gauntlet_arena_77_two_lines,
          minmay_gauntlet_arena_77_path, minmay_gauntlet_arena_77_double_cross,
          minmay_gauntlet_arena_77_shame_cube, minmay_gauntlet_arena_77_museum,
          minmay_gauntlet_arena_77_hold_the_fort,
          minmay_gauntlet_arena_77_block_sizes,
          nicolae_gauntlet_exit_dead_adventurers]

Skill      XL: |  1  2  3  4  5  6  7  8  9 10 11 12 |
---------------+-------------------------------------+-----
Short Blades   | 2 3 4 5 6 8 10 | 10.0
Fighting       | 2 3 4 5 6 7 |  7.7
Stealth        | 1 2 3 4 5 6 |  6.6
Translocations | 3 |  3.9
Necromancy     | 1 3 4 6 7 8 9 |  9.8
Dodging        | 2 3 4 5 6 |  6.8
Ranged Weapons | 3 8 9 |  9.1
Armour         | 1 |  1.8
Throwing       | |  0.8
Spellcasting   | |  1.7

Action                   |  1- 3 |  4- 6 |  7- 9 | 10-12 || total
-------------------------+-------+-------+-------+-------++-------
Melee: Short sword       |   240 |   190 |    28 |       ||   458
       Punch             |       |     3 |     8 |    20 ||    31
       Dagger            |       |    93 |   382 |   731 ||  1206
       Shortbow          |       |       |       |     1 ||     1
 Fire: Sling             |       |    36 |     1 |       ||    37
       Shortbow          |       |       |    29 |   203 ||   232
Throw: Boomerang         |       |       |     1 |       ||     1
 Cast: Blink             |     1 |     3 |     4 |    12 ||    20
Evoke: Wand              |       |       |     3 |     1 ||     4
  Use: Scroll            |       |    11 |     2 |    16 ||    29
       Potion            |       |     6 |     3 |     8 ||    17
 Stab: Sleeping          |     2 |    11 |     6 |    13 ||    32
       Invisible         |       |     4 |       |     1 ||     5
Armor: Leather armour    |    55 |    67 |   112 |   199 ||   433
       Robe              |       |       |    11 |       ||    11
Dodge: Dodged            |   100 |   118 |   260 |   508 ||   986
Block: Other             |    54 |    53 |    92 |   159 ||   358
       Reflection        |     2 |     2 |     2 |     3 ||     9

Table legend: (Time is in decaauts)
 A = Elapsed time spent in this place.
 B = Non-inter-level travel time spent in this place.
 C = Inter-level travel time spent in this place.
 D = Time resting spent in this place.
 E = Time spent auto-exploring this place.
 F = Levels seen in this place.
 G = Mean time per level.
                   A        B        C        D        E       F      G
               +--------+--------+--------+--------+--------+-----+--------+
         Total |  16082 |  15477 |    605 |   4488 |   6967 |  17 |  946.0 |
       Dungeon |  12017 |  11497 |    520 |   3569 |   4866 |  11 | 1092.5 |
          Lair |   3534 |   3449 |     85 |    878 |   1906 |   3 | 1178.0 |
  Orcish Mines |     20 |     20 |      0 |      0 |      0 |   2 |   10.0 |
      Gauntlet |    510 |    510 |      0 |     41 |    195 |   1 |  510.0 |
               +--------+--------+--------+--------+--------+-----+--------+

Top non-repeatable levels by time:
     D:9: 2208 daAuts
  Lair:1: 2044 daAuts
    D:10: 1862 daAuts
     D:5: 1706 daAuts
  Lair:2: 1446 daAuts
     D:6: 1363 daAuts
     D:4: 1141 daAuts
     D:8: 1049 daAuts
     D:1: 1024 daAuts
     D:2: 936 daAuts
Gauntlet: 510 daAuts
     D:3: 440 daAuts
     D:7: 154 daAuts
    D:11: 129 daAuts
  Lair:3: 43 daAuts
